 Dungeon Crawl Stone Soup version 0.29.1-12-g30fa7ad0bf (webtiles) character file.

Game seed: 8218292069617375069

90 kingofthe the Magician (level 4, 0/24 HPs)
             Began as a Deep Elf Hedge Wizard on Jan 15, 2023.
             Slain by Grinder (4 damage)
             ... on level 3 of the Dungeon.
             The game lasted 00:05:35 (2206 turns).

kingofthe the Magician (Deep Elf Hedge Wizard)      Turns: 2206, Time: 00:05:35

Health: 0/24       AC:  9    Str:  7    XL:     4   Next: 32%
Magic:  8/13       EV: 14    Int: 19    God:
Gold:   95         SH:  0    Dex: 16    Spells: 8/13 levels left

rFire   . . .      SeeInvis .   a - +1 short sword (protect)
rCold   . . .      Faith    .   (no shield)
rNeg    . . .      Spirit   .   b - +0 robe
rPois   .          Reflect  .   c - +0 hat
rElec   .          Harm     .   (no cloak)
rCorr   .          Rampage  .   (no gloves)
Will    .....                   (no boots)
Stlth   ++........              (no amulet)
HPRegen 0.08/turn               (no ring)
MPRegen 0.13/turn               (no ring)

@: under a protective aura, very slightly contaminated
A: no striking features
a: no special abilities


You were on level 3 of the Dungeon.
You visited 1 branch of the dungeon, and saw 3 of its levels.

You collected 95 gold pieces.

Inventory:

Hand Weapons
 a - a +1 short sword of protection (weapon)
 e - a +0 dagger
Armour
 b - a +0 robe (worn)
 c - a +0 hat (worn)
Scrolls
 f - 2 scrolls of identify {unknown}
 g - a scroll of torment {unknown}
 j - a scroll of enchant weapon {unknown}
Potions
 d - 4 potions of magic
 h - a potion of degeneration {unknown}
 i - a potion of lignification {unknown}


   Skills:
 * Level 4.1 Dodging
 - Level 3.0 Stealth
 + Level 5.1 Spellcasting
 + Level 2.3 Conjurations
 - Level 1.1 Summonings
 - Level 1.1 Translocations


You had 8 spell levels left.
You knew the following spells:

 Your Spells              Type           Power      Damage    Failure   Level
a - Magic Dart            Conj           52%        1d5       4%          1
b - Blink                 Tloc           18%        N/A       12%         2
c - Call Imp              Summ           9%         N/A       12%         2

Your spell library contained the following spells:

 Spells                   Type           Power      Damage    Failure   Level
 Slow                     Hex            16%        N/A       12%         1
 Conjure Flame            Conj/Fire      9%         6-21      22%         3
 Lesser Beckoning         Tloc           9%         N/A       24%         3
 Mephitic Cloud           Conj/Pois/Air  7%         N/A       26%         3
 Portal Projectile        Hex/Tloc       14%        N/A       28%         3
 Tukima's Dance           Hex            4%         N/A       36%         3
 Manifold Assault         Tloc           9%         N/A       91%         5
 Blade Hands              Tmut           2%         N/A       98%         5


Dungeon Overview and Level Annotations

Branches:
Dungeon (3/15)

Altars:

Annotations:
D:3 Grinder


Message History

There is an entrance to a sewer on this level.
Hurry and find it before the portal rusts away!
Level annotation: Grinder
There is a stone staircase leading up here.
You hear the slow rusting of a very distant drain.
Grinder shouts!
Casting: Magic Dart (safe; 4% risk of failure)
Confirm with . or Enter, or press ? or * to list all spells.
You miscast Call Imp.
You are very lightly contaminated with residual magic.
Nothing appears to happen.
Grinder gestures at you.
You suddenly lose the ability to move!
Grinder gestures at you. Pain shoots through your body!
Grinder gestures at you. Pain shoots through your body!
Ouch! That really hurt!
You can move again.
Casting: Call Imp (safe; 12% risk of failure)
Confirm with . or Enter, or press ? or * to list all spells.
You miscast Call Imp.
Nothing appears to happen.
Grinder grins, showing sharp teeth.
Casting: Call Imp (safe; 12% risk of failure)
Confirm with . or Enter, or press ? or * to list all spells.
A beastly little devil appears in a puff of flame.
Your crimson imp says, "I'm here!"
Grinder hits you.
* * * LOW HITPOINT WARNING * * *
You writhe in agony.
* * * LOW HITPOINT WARNING * * *
You hit Grinder but do no damage.
Your weapon exudes an aura of protection.
Grinder barely misses you.
Your crimson imp closely misses Grinder.
You closely miss Grinder. Grinder barely misses you.
Your crimson imp closely misses Grinder.
You hit Grinder.
Grinder is lightly wounded.
Grinder hits you.
You die...

###############
#..............
#@#####.#..... .
#5# #.# .#.
..##5# #.#
#.....####.#.#
#....##.........#
..........<...#.#
#.#.###.#######.#
. #.# # #.#


You could see Grinder (ally target) and a friendly crimson imp (summoned).

Vanquished Creatures
  Jessica (D:2)
  2 adders (D:2)
  2 worms (D:2)
  2 bats (D:2)
  An endoplasm (D:1)
  2 giant cockroaches (D:2)
  2 goblins (D:1)
  3 hobgoblins (D:2)
  8 jackals (D:1)
  2 kobolds (D:1)
  A quokka (D:1)
  3 ball pythons (D:2)
  3 frilled lizards
  6 rats
38 creatures vanquished.

Vanquished Creatures (others)
  8 plants (D:1)
8 creatures vanquished.

Grand Total: 46 creatures vanquished

Notes
Turn   | Place    | Note
-------+----------+-------------------------------------------
     0 | D:1      | kingofthe the Deep Elf Hedge Wizard began the quest for the
                  | Orb.
     0 | D:1      | Reached XP level 1. HP: 10/10 MP: 7/7
   215 | D:1      | Reached XP level 2. HP: 15/15 MP: 4/9
   574 | D:1      | Found a faded altar of an unknown god.
  1130 | D:2      | Learned a level 2 spell: Blink
  1133 | D:2      | Learned a level 2 spell: Call Imp
  1228 | D:2      | Reached XP level 3. HP: 19/19 MP: 6/11
  1312 | D:2      | Noticed Jessica
  1318 | D:2      | Killed Jessica
  1319 | D:2      | Reached skill level 5 in Spellcasting
  1336 | D:2      | Reached XP level 4. HP: 24/24 MP: 0/13
  2138 | D:3      | Noticed Grinder
  2195 | D:3      | Paralysed by Grinder for 5 turns
  2206 | D:3      | Slain by Grinder

Illustrated notes

Levels and vault maps discovered:
D:1:      psy_arrival_fountain, layout_rooms, chequers_ecumenical_altar_twisty,
          serial_bayou_lake_a
D:2:      layout_loops_ring, serial_aquarium, aquarium_bridge_square
          [aquarium_subvault_balcony, aquarium_subvault_bridge,
          aquarium_subvault_wall, aquarium_subvault_window],
          aquarium_window_fake, aquarium_window_2, aquarium_view_2a,
          aquarium_view_2b, aquarium_pool_2, chequers_jeans, uniq_jessica
D:3:      layout_loops_ring, mainiacjoe_overflow_paths, portal_sewer_entry_d,
          uniq_terence, uniq_grinder

Skill      XL: |  1  2  3  4 |
---------------+-------------+-----
Dodging        | 3 4 |  4.1
Stealth        | 3 |  3.0
Spellcasting   | 5 |  5.1
Conjurations   | 2 |  2.3
Summonings     | |  1.1
Translocations | |  1.1

Action                   |  1- 3 |  4- 6 || total
-------------------------+-------+-------++-------
Melee: Short sword       |    23 |     3 ||    26
 Cast: Magic Dart        |    73 |    27 ||   100
       Call Imp          |       |     1 ||     1
Armor: Robe              |    16 |       ||    16
Dodge: Dodged            |    23 |     2 ||    25
